 Dungeon Crawl Stone Soup version 0.30-a0-634-g8abc85282e (webtiles) character file.

Game seed: 15957192548153417945

963 Sabo the Firebug (level 8, -4/48 HPs)
             Began as an Octopode Fire Elementalist on Jan 14, 2023.
             Was an Initiate of Vehumet.
             Slain by an orc warrior
             ... wielding a +0 glaive
              (17 damage)
             ... on level 5 of the Dungeon.
             The game lasted 00:38:41 (7060 turns).

Sabo the Firebug (Octopode Fire Elementalist)       Turns: 7060, Time: 00:38:42

Health: -4/48      AC:  1    Str:  8    XL:     8   Next: 15%
Magic:  0/15       EV: 13    Int: 19    God:    Vehumet [......]
Gold:   331        SH:  0    Dex: 12    Spells: 14/17 levels left

rFire   + . .      SeeInvis .    y - +7 war axe "Orb Guardian's Death" {vamp, Will+}
rCold   x . .      Faith    .    (no shield)
rNeg    . . .      Spirit   .    (helmet restricted)
rPois   .          Reflect  .    (no amulet)
rElec   .          Harm     .    m - ring of fire
rCorr   .          Rampage  .    (no ring)
Will    +....                    (no ring)
Stlth   +++                      (no ring)
HPRegen 0.28/turn                (no ring)
MPRegen 0.14/turn                (no ring)
                                 (no ring)
                                 (no ring)

@: no status effects
A: almost no armour, amphibious, 8 rings, camouflage 1, gelatinous body 1,
(nimble swimmer 1), tentacles
a: Renounce Religion


You were on level 5 of the Dungeon.
You worshipped Vehumet.
Vehumet was noncommittal.
You visited 1 branch of the dungeon, and saw 5 of its levels.

You collected 403 gold pieces.
You spent 72 gold pieces at shops.

Inventory:

Hand Weapons
 d - the +6 war axe of Plog {venom, +Blink Fly Int-3}
   (You found it on level 2 of the Dungeon)

   Int:       It affects your intelligence (-3).
   Fly:       It grants you flight.
   +Blink:    It lets you blink.
 w - a +1 flail of holy wrath
 y - the +7 war axe "Orb Guardian's Death" (weapon) {vamp, Will+}
   (You found it on level 3 of the Dungeon)

   Will:      It increases your willpower.
 G - a +0 shortbow
Missiles
 b - 2 curare-tipped darts (quivered)
 j - 5 poisoned darts
 o - 2 boomerangs
Magical Staves
 k - a staff of fire
Jewellery
 m - a ring of fire (left tentacle)
Wands
 r - a wand of polymorph (13)
 C - a wand of flame (45)
 F - a wand of digging (2)
Scrolls
 c - 2 scrolls of teleportation
 f - a scroll of blinking
 g - a scroll of amnesia
 h - a scroll of enchant armour
 n - 2 scrolls of fear
 p - a scroll of silence
 t - 3 scrolls of magic mapping
 u - a scroll of enchant weapon
 z - a scroll of fog
 E - a scroll of poison {unknown}
Potions
 a - a potion of magic
 e - 3 potions of attraction {unknown}
 i - 3 potions of heal wounds {unknown}
 l - 2 potions of lignification {unknown}
 q - a potion of invisibility {unknown}
 s - a potion of flight {unknown}
 v - a potion of haste {unknown}
 x - 2 potions of mutation {unknown}
 A - 2 potions of resistance {unknown}
 B - 2 potions of brilliance {unknown}
 D - a potion of curing {unknown}


   Skills:
 + Level 1.4 Fighting
 + Level 1.1(1.4) Axes
 + Level 1.0(1.3) Maces & Flails
 + Level 0.2(0.6) Staves
 + Level 0.7 Throwing
 + Level 2.7 Dodging
 + Level 4.0 Stealth
 + Level 5.0 Spellcasting
 + Level 1.4 Conjurations
 + Level 5.9 Fire Magic
 * Level 3.1 Evocations


You had 14 spell levels left.
You knew the following spells:

 Your Spells              Type           Power      Damage    Failure   Level
a - Foxfire               Conj/Fire      100%       2x1d9     2%          1
b - Scorch                Fire           82%        2d9       1%          2

Your spell library contained the following spells:

 Spells                   Type           Power      Damage    Failure   Level
 Inner Flame              Hex/Fire       24%        N/A       11%         3
 Apportation              Tloc           8%         N/A       12%         1
 Necrotise                Necr           16%        1d4       12%         1
 Sting                    Tmut/Pois      16%        1d3       12%         1
 Summon Small Mammal      Summ           16%        N/A       12%         1
 Kindle Blastsparks       Fire/Tloc/Air  36%        2d13      16%         3
 Poisonous Vapours        Pois/Air       8%         N/A       19%         2
 Flame Wave               Conj/Fire      28%        2d9       26%         4
 Olgreb's Toxic Radiance  Pois           4%         N/A       77%         4


Dungeon Overview and Level Annotations

Branches:
Dungeon (5/15)             Temple (0/1) D:5

Altars:
Nemelex Xobeh
Vehumet
Xom

Shops:
D:2 ?


Innate Abilities, Weirdness & Mutations

You cannot wear most types of armour.
You are amphibious.
You can wear up to eight rings at the same time.
Your skin changes colour to match your surroundings (Stealth+).
Your rubbery body absorbs attacks. (AC +1, EV +1)
((You are camouflaged when in or above water. (Stealth+)))
You have tentacles for arms and can constrict up to eight enemies at once.


Message History

An orc comes into view. It is wielding a +0 dagger.
The orc hits you with a +0 whip.
Casting: Scorch (safe; 1% risk of failure)
Confirm with . or Enter, or press ? or * to list all spells.
You feel a surge of power!
Flames lash the orc.
You kill the orc!
Vehumet accepts your kill.
The orc warrior hits you from afar with a +0 glaive!
An orc comes into view. It is wielding a +0 whip.
Casting: Scorch (safe; 1% risk of failure)
Confirm with . or Enter, or press ? or * to list all spells.
You feel a surge of power!
Flames lash the orc warrior.
The orc warrior is moderately wounded.
The orc warrior's fire resistance burns away.
You hear a shout!
The orc warrior hits you from afar with a +0 glaive!
Casting: Scorch (safe; 1% risk of failure)
Confirm with . or Enter, or press ? or * to list all spells.
You feel a surge of power!
Flames lash the orc wizard.
The orc wizard is severely wounded.
The orc wizard's fire resistance burns away.
The orc warrior closely misses you.
An orc comes into view. It is wielding a +0 club.
An orc wizard comes into view. It is wielding a +0 dagger.
You hit the orc.
You feel better.
Your grab misses the orc. You squeeze the orc, but do no damage.
The orc is severely wounded.
The orc warrior hits you from afar with a +0 glaive!
* * * LOW HITPOINT WARNING * * *
The orc hits you but does no damage.
An orc comes into view. It is wielding a +0 whip.
The orc warrior closely misses you. The orc hits you with a +0 club.
* * * LOW HITPOINT WARNING * * *
You slash the orc wizard!
You feel better.
You kill the orc wizard!
Vehumet accepts your kill.
You hit the orc.
You feel better.
The orc warrior is no longer more vulnerable to fire.
The orc warrior hits you from afar with a +0 glaive!
You die...

#...## #....#...#..<#......[...
#.#..###...........##.....##...
##.##.#.............##....##...#
#.........####..##.#......##.#.#
#.#######.## #.....#..##..#..#..
#.#.....#..###..###...##..#.###.
#.#.....#......####...#.....# #.
#.'.._..#.#.....#....#..##.####.
#.#.....#..####@######.###......
#.#.....#..###o).###...###......
#.#######..##8ooo8##.##.........
#..........##.ooo.##............
#....###...#....(..#..#.###.....
#######....#.8..(8.#..#.# #.....
#....#...oo..#....###.....
#....#..o....#.........##.
#####....#.8...8.#..######....


You could see an orc warrior, an orc wizard and 8 orcs.

Vanquished Creatures
  Menkaure (D:4)
  A black bear (D:5)
  An ogre (D:5)
  A centaur (D:5)
  A phantom (D:4)
  A gnoll bouda (D:4)
  2 hounds
  An orc priest (D:5)
  Jessica (D:3)
  4 iguanas
  2 orc wizards (D:5)
  Robin (D:2)
  6 gnolls
  7 adders
  2 worms
  A dart slug (D:3)
  18 orcs
  8 ball pythons
  4 endoplasms
  4 giant cockroaches
  12 goblins
  5 hobgoblins
  3 jackals (D:4)
  3 kobolds
  3 bats
  7 frilled lizards
  4 rats
104 creatures vanquished.

Vanquished Creatures (others)
  30 foxfires
  49 plants (D:4)
79 creatures vanquished.

Grand Total: 183 creatures vanquished

Notes
Turn   | Place    | Note
-------+----------+-------------------------------------------
     0 | D:1      | Sabo the Octopode Fire Elementalist began the quest for the
                  | Orb.
     0 | D:1      | Reached XP level 1. HP: 11/11 MP: 3/3
   237 | D:1      | Reached XP level 2. HP: 16/17 MP: 1/5
  1188 | D:2      | Found Cengoff's Magic Scroll Emporium.
  1322 | D:2      | Bought a scroll of identify for 24 gold pieces
  1322 | D:2      | Bought a scroll of identify for 24 gold pieces
  1340 | D:2      | Bought a scroll of identify for 24 gold pieces
  1375 | D:2      | Reached XP level 3. HP: 21/21 MP: 3/6
  1405 | D:2      | Identified the +6 war axe of Plog {venom, +Blink Fly Int-3}
  1462 | D:2      | Learned a level 2 spell: Scorch
  1571 | D:2      | Reached XP level 4. HP: 16/27 MP: 4/7
  1668 | D:2      | Reached skill level 1 in Maces & Flails
  1672 | D:2      | Noticed Robin
  1695 | D:2      | Killed Robin
  2501 | D:3      | Noticed Jessica
  2504 | D:3      | Killed Jessica
  2505 | D:3      | Reached XP level 5. HP: 32/32 MP: 4/9
  2750 | D:3      | Found a faded altar of an unknown god.
  3141 | D:3      | Identified the +7 war axe "Orb Guardian's Death" {vamp,
                  | Will+}
  3919 | D:4      | Noticed Menkaure
  4265 | D:4      | Reached skill level 1 in Fighting
  4363 | D:4      | Reached skill level 1 in Evocations
  4363 | D:4      | Reached XP level 6. HP: 38/38 MP: 8/11
  4776 | D:4      | Found a radiant altar of Vehumet.
  4843 | D:4      | Became a worshipper of Vehumet
  5036 | D:4      | Reached skill level 1 in Axes
  5181 | D:4      | Killed Menkaure
  5182 | D:4      | Reached XP level 7. HP: 43/43 MP: 9/13
  5358 | D:5      | Entered Level 5 of the Dungeon
  5469 | D:5      | Reached skill level 5 in Fire Magic
  6071 | D:5      | Found a sparkling altar of Nemelex Xobeh.
  6310 | D:5      | Found a staircase to the Ecumenical Temple.
  6325 | D:5      | Found a shimmering altar of Xom.
  6329 | D:5      | Found a runed translucent door.
  6344 | D:5      | Reached skill level 5 in Spellcasting
  6344 | D:5      | Reached XP level 8. HP: 18/48 MP: 15/15
  7060 | D:5      | Slain by an orc warrior

Illustrated notes

Levels and vault maps discovered:
D:1:      onia_arrival_mini_maze, layout_basic, minmay_misc_feat_x
D:2:      layout_rooms, serial_shops, nicolae_shop_stone, uniq_robin
D:3:      layout_basic, hellmonk_ecumenical_altar_lost_god, feat_on_display,
          uniq_jessica
D:4:      layout_gridville, vehumet_altar_wand_db, serial_bayou,
          serial_bayou_lagoon_a, serial_bayou_lake_a, serial_bayou_ford_a,
          serial_bayou_pond_c, minmay_misc_feat_tower, uniq_menkaure
D:5:      layout_rooms, amcnicky_altar_gilded, mainiacjoe_overflow_catwalk,
          minmay_temple_entry_crystal_x, hangedman_decor_riveting,
          lightli_church_of_beogh

Skill      XL: |  1  2  3  4  5  6  7 |
---------------+----------------------+-----
Stealth        | 3 4 |  4.0
Maces & Flails | 1 |  1.0
Spellcasting   | 3 4 5 |  5.0
Fire Magic     | 4 5 |  5.9
Fighting       | 1 |  1.4
Evocations     | 1 2 3 |  3.1
Axes           | 1 |  1.1
Staves         | |  0.2
Throwing       | |  0.7
Dodging        | |  2.7
Conjurations   | |  1.4

Action                   |  1- 3 |  4- 6 |  7- 9 || total
-------------------------+-------+-------+-------++-------
Melee: Mace              |    15 |       |       ||    15
       Tentacles         |     7 |     4 |     3 ||    14
       Constrict         |     6 |    10 |     3 ||    19
       Staff             |     4 |    25 |       ||    29
       War axe           |       |     7 |    13 ||    20
Throw: Dart              |     3 |    11 |     2 ||    16
 Cast: Foxfire           |    17 |       |       ||    17
       Scorch            |     6 |    51 |    38 ||    95
  Use: Scroll            |     4 |     4 |     2 ||    10
       Potion            |     2 |       |       ||     2
 Stab: Sleeping          |     3 |     2 |       ||     5
Armor: Skin              |     1 |     3 |     3 ||     7
Dodge: Dodged            |    11 |    26 |    29 ||    66

Table legend: (Time is in decaauts)
 A = Elapsed time spent in this place.
 B = Non-inter-level travel time spent in this place.
 C = Inter-level travel time spent in this place.
 D = Time resting spent in this place.
 E = Time spent auto-exploring this place.
 F = Levels seen in this place.
 G = Mean time per level.
                   A        B        C        D        E       F      G
               +--------+--------+--------+--------+--------+-----+--------+
         Total |   7078 |   7078 |      0 |   2601 |      0 |   5 | 1415.6 |
       Dungeon |   7078 |   7078 |      0 |   2601 |      0 |   5 | 1415.6 |
               +--------+--------+--------+--------+--------+-----+--------+

Top non-repeatable levels by time:
     D:4: 1791 daAuts
     D:3: 1573 daAuts
     D:5: 1426 daAuts
     D:1: 1168 daAuts
     D:2: 1119 daAuts
